 Dungeon Crawl Stone Soup version 0.17-a0-125-g34d91a1 (webtiles) character file.

1505 Ngotmuk the Cudgeler (level 8, 0/74 HPs)
             Began as a Deep Dwarf Fighter on Mar 23, 2015.
             Slain by panocha's ghost (7 damage)
             ... on level 6 of the Dungeon.
             The game lasted 00:24:36 (4658 turns).

Ngotmuk the Cudgeler (Deep Dwarf Fighter)           Turns: 4658, Time: 00:24:37

Health: 0/74       AC: 21    Str: 21    XL:     8   Next: 52%
Magic:  8/8        EV:  4    Int: 10    God:
Gold:   278        SH: 10    Dex: 12    Spells: 0 memorised, 7 levels left

rFire  . . .     SeeInvis .     x - +0 hammer (protect)
rCold  + . .     Clarity  .     i - +0 plate armour
rNeg   . . .     SustAb   .     c - +0 shield
rPois  .         Gourm    .     (no helmet)
rElec  .         Spirit   .     w - +0 cloak
rCorr  .         Warding  .     u - +0 pair of gloves
rMut   .         Stasis   .     t - +0 pair of boots
MR     +....                    (no amulet)
Stlth  ..........               o - ring of protection from cold
                                b - ring of stealth

@: lethally poisoned (0 -> -12), non-regenerating, somewhat resistant to hostile
enchantments, extremely unstealthy
A: damage resistance, recharge devices, sense surroundings 1, slow healing 3
a: Device Recharging


You were on level 6 of the Dungeon.
You were not hungry.

You visited 1 branch of the dungeon, and saw 6 of its levels.

You collected 278 gold pieces.

Inventory:

Hand weapons
 x - a +0 hammer of protection (weapon)
Armour
 c - a +0 shield (worn)
 i - a +0 plate armour (worn)
 t - a +0 pair of boots (worn)
 u - a +0 pair of gloves (worn)
 w - a +0 cloak (worn)
Jewellery
 b - a ring of stealth (left hand)
 o - a ring of protection from cold (right hand)
Magical devices
 d - a wand of heal wounds (2)
Scrolls
 e - a scroll of recharging
 k - 2 scrolls of blinking
 p - a scroll of teleportation
 s - a scroll of fear
Potions
 h - 2 potions of restore abilities
 m - a potion of magic
 n - 2 potions of invisibility
 q - 2 potions of curing
 r - a potion of berserk rage
 v - a potion of ambrosia {unknown}
Comestibles
 f - 4 bread rations
 j - 2 meat rations


   Skills:
 + Level 5.2 Fighting
 * Level 7.0 Maces & Flails
 + Level 5.8 Armour
 + Level 6.4 Shields


You had 7 spell levels left.
You didn't know any spells.

Dungeon Overview and Level Annotations

Branches:
Dungeon (6/15)
 Temple: D:4-7

Altars:
Ashenzari
Elyvilon
Nemelex Xobeh
Trog
Xom

Shops:
D:4 =   D:5 (

Annotations:
D:6 panocha's ghost, experienced MiBe


Innate Abilities, Weirdness & Mutations

You are resistant to damage.
You can recharge devices by infusing magical energy.
You passively map a small area around you.
You do not heal naturally.


Message History

Panocha's ghost hits you but does no damage.
You are more poisoned.
You hit the crimson imp but do no damage.
You feel sick. You block the crimson imp's attack.
Panocha's ghost hits you but does no damage.
You are more poisoned.
Your plate armour prevents you from hitting the crimson imp.
* * * LOW HITPOINT WARNING * * *
You feel very sick.
The crimson imp shouts, "Go and return not, thou pox-marked flap-mouthed bounder!"
The crimson imp hits you but does no damage.
Panocha's ghost whispers, "There is no future for you."
Panocha's ghost hits you but does no damage.
You are lethally poisoned!
You block the crimson imp's attack.
Your plate armour prevents you from hitting the crimson imp.
* * * LOW HITPOINT WARNING * * *
You feel very sick. Panocha's ghost hits you!
You die...

###, , * #.. ,,
...,, , #.#, ,,
#.# ########### *
#,#.# #......>...
#.#.# ##.###.####
#.#.####.###.#
#.#
####....W@5#....#
#.#
#.....<####.#####
#.# ## #.######
##.# #.# #. #
#..# #.# #. *
#.## #.# #. * #.#
#.# #. * #.# ##.#
#. #.# #..# #.
##.## #.## #.


You could see panocha's ghost and a crimson imp.

Vanquished Creatures
  The ghost of Ngotmuk the Covered, an average DDFi (D:4)
  An ice beast (D:6)
  3 phantoms
  An ogre (D:6)
  The ghost of miro the Skirmisher, an average GrFi (D:3)
  2 giant frogs
  Duvessa (D:5)
  2 scorpions
  Dowan (D:5)
  2 crimson imps (D:5)
  A goliath beetle (D:6)
  A hound (D:5)
  Crazy Yiuf (D:5)
  A giant frog skeleton (D:5)
  3 worker ants
  Ijyb (D:5)
  7 adders
  A giant mite (D:5)
  5 worms
  An adder zombie (D:5)
  An adder skeleton (D:5)
  7 giant geckos
  An ooze (D:3)
  9 orcs
  A ball python (D:1)
  12 bats
  A bat skeleton (D:6)
  A bat zombie (D:5)
  6 giant cockroaches
  7 goblins
  10 hobgoblins
  10 jackals
  3 quokkas
  5 giant newts
  A jackal skeleton (D:4)
  15 kobolds
  17 rats
  A bush (D:3)
145 creatures vanquished.

Vanquished Creatures (others)
  A plant (D:3)
1 creature vanquished.

Grand Total: 146 creatures vanquished

Notes
Turn   | Place    | Note
--------------------------------------------------------------
     0 | D:1      | Ngotmuk, the Deep Dwarf Fighter, began the quest for the Orb.
     0 | D:1      | Reached XP level 1. HP: 20/20 MP: 1/1
    92 | D:1      | Reached XP level 2. HP: 27/27 MP: 2/2
   461 | D:1      | Reached XP level 3. HP: 27/34 MP: 3/3
   729 | D:2      | Found a sparkling altar of Nemelex Xobeh.
   736 | D:2      | Found a bloodstained altar of Trog.
   896 | D:2      | Reached XP level 4. HP: 23/42 MP: 4/4
  1203 | D:3      | Reached skill level 4 in Shields
  1596 | D:3      | Reached XP level 5. HP: 35/50 MP: 5/5
  2015 | D:3      | Noticed miro's ghost (average GrFi)
  2026 | D:3      | Killed miro's ghost
  2026 | D:3      | Reached XP level 6. HP: 29/57 MP: 6/6
  2409 | D:4      | Noticed Ngotmuk's ghost (average DDFi)
  2422 | D:4      | Killed Ngotmuk's ghost
  2422 | D:4      | Reached skill level 5 in Maces & Flails
  2422 | D:4      | Reached skill level 5 in Shields
  2422 | D:4      | Reached XP level 7. HP: 32/64 MP: 7/7
  2458 | D:4      | Found Klasuy's Jewellery Emporium.
  2823 | D:4      | Found a shattered altar of Ashenzari.
  2825 | D:4      | Found a white marble altar of Elyvilon.
  2828 | D:4      | Found a shimmering altar of Xom.
  3070 | D:5      | Entered Level 5 of the Dungeon
  3210 | D:5      | Noticed Dowan
  3213 | D:5      | Noticed Duvessa
  3237 | D:5      | Killed Duvessa
  3237 | D:5      | Reached skill level 5 in Armour
  3256 | D:5      | Killed Dowan
  3461 | D:5      | Reached skill level 6 in Maces & Flails
  3461 | D:5      | Reached XP level 8. HP: 59/73 MP: 8/8
  3501 | D:5      | Noticed Crazy Yiuf
  3513 | D:5      | Killed Crazy Yiuf
  3670 | D:5      | Found Kavin's Weapon Shoppe.
  3794 | D:5      | Noticed Ijyb
  3834 | D:5      | Killed Ijyb
  4208 | D:6      | Reached skill level 5 in Fighting
  4387 | D:6      | Reached skill level 7 in Maces & Flails
  4578 | D:6      | Noticed panocha's ghost (experienced MiBe)
  4658 | D:6      | Slain by panocha's ghost

Action                   |  1- 3 |  4- 6 |  7- 9 || total
-------------------------+-------+-------+-------++-------
Melee: Flail             |   126 |   389 |   169 ||   684
       Hammer            |       |       |   256 ||   256
Evoke: Wand              |       |     3 |     4 ||     7
  Use: Scroll            |       |     8 |     8 ||    16
       Potion            |       |     1 |     2 ||     3
  Eat: Fruit             |       |     6 |       ||     6
       Pizza             |       |     1 |     2 ||     3
       Meat ration       |       |       |     1 ||     1
